AoeStats
← RoPeTT

African Clearing

510323264Analyzed
2v2 RM · 21h ago on Sep 30, 2026· 44m 43s· 4 players
Game mode
Random Map
Map size
Medium (4 player)
Population
200
Speed
Normal
Resources
Standard
Victory
Conquest
Starting age
Dark Age
Ending age
Imperial Age
RankedLock teamsTeams togetherTeam positionsShared explorationLock speedFull tech treeHidden civsTurbo modeCheats
Victory
Defeat
🇷🇺 Berbers · Russia
1279
+11
🇷🇺 Hindustanis · Russia
1086
+18
🇫🇷 Huns · France
1187
-16
🇫🇷 Danes · France
1112
-13
HeN.Ninj'
10:55 Loom
13:13 Feudal Age
15:05 Double-Bit Axe
22:59 Castle Age
21:15 Forging
21:11 Scale Barding Armor
20:57 Horse Collar
21:29 Scale Barding Armor
32:59 Heavy Plow
32:53 Elite Skirmisher
35:09 Fletching
35:21 Padded Archer Armor
35:05 Pikeman
43:14 Bloodlines
Synfoni
10:06 Loom
12:24 Feudal Age
13:54 Arson
15:30 Scale Mail Armor
15:42 Forging
16:18 Double-Bit Axe
20:55 Castle Age
18:52 Horse Collar
19:08 Gold Mining
21:15 Wheelbarrow
22:11 Chain Mail Armor
23:12 Squires
30:27 Ballistics
32:11 Hand Cart
31:58 Town Watch
36:37 Iron Casting
40:54 Fletching
RoPeTT
9:00 Loom
14:47 Feudal Age
16:38 Double-Bit Axe
16:37 Horse Collar
19:20 Scale Barding Armor
21:12 Bloodlines
22:12 Forging
30:24 Wheelbarrow
32:51 Castle Age
34:36 Husbandry
34:58 Chain Barding Armor
35:14 Iron Casting
36:12 Gold Mining
36:15 Stone Mining
38:29 Town Watch
41:25 Bow Saw
43:24 Fletching
43:52 Heavy Plow
WAnds | danila90r
12:18 Feudal Age
14:01 Loom
16:20 Castle Age
14:38 Double-Bit Axe
16:21 Loom
17:12 Wheelbarrow
26:11 Bloodlines
27:04 Bow Saw
27:00 Fletching
28:19 Bodkin Arrow
29:06 Padded Archer Armor
30:50 Ballistics
30:37 Husbandry
35:04 Imperial Age
33:35 Hand Cart
37:46 Chemistry
36:53 Thumb Ring
38:42 Scale Barding Armor
38:14 Cavalier
40:29 Chain Barding Armor
41:18 Forging
42:55 Plate Barding Armor
42:22 Horse Collar
44:16 Bracer
Connection lost

Rejoining the realm…

Still unreachable

The connection could not be restored.

Session expired

The server has moved on; the page needs a fresh start.